 Dungeon Crawl Stone Soup version 0.31-a0-983-g7b6862f502 (webtiles) character file.

Game seed: 14325494453351904362

5352 boblaw the Basher (level 10, 0/90 HPs)
             Began as a Minotaur Berserker on Oct 30, 2023.
             Was a High Priest of Trog.
             Slain by an ogre
             ... wielding a +0 giant club
              (13 damage)
             ... on level 2 of the Orcish Mines on Nov 3, 2023.
             The game lasted 00:33:00 (7300 turns).

boblaw the Basher (Minotaur Berserker)              Turns: 7300, Time: 00:33:00

Health: 0/90       AC:  6    Str: 25    XL:     10   Next: 38%
Magic:  9/9        EV: 13    Int:  4    God:    Trog [*****.]
Gold:   552        SH:  0    Dex: 11    Spells: 9/9 levels left

rFire   . . .        b - +6 shillelagh "Devastator" {shatter}
rCold   . . .        (no shield)
rNeg    . . .        d - +0 leather armour
rPois   .            (helmet restricted)
rElec   .            i - +0 cloak
rCorr   +            (no gloves)
SInv    +            z - +0 pair of boots
Will    .....        (no amulet)
Stlth   ++           k - ring of resist corrosion
HPRegen 0.35/turn    y - ring of see invisible
MPRegen 0.11/turn

%: no passive effects
@: on berserk cooldown
A: horns 2, retaliatory headbutt
a: Renounce Religion, Berserk, Trog's Hand, Brothers in Arms


You were on level 2 of the Orcish Mines.
You worshipped Trog.
Trog was extremely pleased with you.
You visited 2 branches of the dungeon, and saw 12 of its levels.

You collected 687 gold pieces.
You spent 135 gold pieces at shops.

Inventory:

Hand Weapons
 b - the +6 shillelagh "Devastator" (weapon) {shatter}
   (You found it on level 3 of the Dungeon)
 h - a +0 war axe
 r - a +1 short sword of venom
 x - a +3 scimitar
 I - a +2 long sword
 J - a +4 flail
 K - a +0 hand axe
Missiles
 s - 10 poisoned darts
 B - 2 javelins
 H - 5 atropa-tipped darts (quivered)
Armour
 d - a +0 leather armour (worn)
 i - a +0 cloak (worn)
 o - a +0 ring mail
 z - a +0 pair of boots (worn)
Jewellery
 k - a ring of resist corrosion (left hand)
 y - a ring of see invisible (right hand)
Talismans
 m - a serpent talisman
Wands
 a - a wand of light (11)
 D - a wand of roots (29)
 G - a wand of charming (13)
Scrolls
 v - a scroll of noise
 w - a scroll of revelation
 A - a scroll of enchant weapon
Potions
 c - 3 potions of berserk rage {unknown}
 e - a potion of enlightenment
 g - a potion of cancellation {unknown}
 j - a potion of might {unknown}
 l - a potion of magic
 n - a potion of haste
 p - 5 potions of lignification
 q - 5 potions of curing
 t - 3 potions of degeneration
 u - a potion of attraction
 C - a potion of mutation
 E - a potion of resistance
 F - a potion of brilliance {unknown}


   Skills:
 + Level 8.7 Fighting
 - Level 6.2(10.5) Axes
 * Level 13.1(13.6) Maces & Flails
 + Level 5.5 Armour
 + Level 6.2 Dodging
 + Level 2.3 Stealth


You had 9 spell levels left.
You didn't know any spells.
Your spell library was empty.

Dungeon Overview and Level Annotations

Branches:
Dungeon (10/15)            Temple (0/1) D:5             Orc (2/2) D:10
    Elf (0/3) Orc:2
   Lair: D:8-11

Altars:
Ashenzari
Cheibriados
Fedhas
Gozag
Hepliaklqana
Nemelex Xobeh
Ru
Sif Muna
Trog
Vehumet
Wu Jian
Xom
Yredelemnul
Zin
The Shining One

Shops:
D:5 ?   D:7 (   Orc:2 :(

Portals:
Ice
Cave: Orc:2

Annotations:
D:5 2 runed translucent doors, Maxmaps's ghost, novice OpSh
D:9 1 runed translucent door, ytrimaz's ghost, novice OpSh


Innate Abilities, Weirdness & Mutations

You have a pair of horns on your head.
You reflexively headbutt those who attack you in melee.


Message History

You kill the orc warrior!
Trog accepts your kill.
Found 30 gold pieces.
Found a stone staircase leading up.
A rime drake comes into view.
A rime drake comes into view.
Found 17 gold pieces.
Found a frozen archway.
Found a stone staircase leading up.
The rime drake hisses angrily. x2
The rime drake breathes ice at you. The icy flash freeze hits you!!
You are encased in ice.
You're still recovering from your berserk rage.
The ice encasing you melts away. The rime drake closely misses you.
The rime drake bites you. The rime drake breathes ice at you.
The icy flash freeze misses you.
The rime drake bites you but does no damage.
The rime drake breathes ice at you. The icy flash freeze hits you!!
* * * LOW HITPOINT WARNING * * *
You are encased in ice.
Okay, then.
As you read the scroll of teleportation, it crumbles to dust.
You feel strangely unstable. The rime drake barely misses you.
The rime drake misses you. The rime drake barely misses you.
You feel yourself speed up.
The rime drake attacks as it pursues you!
The rime drake barely misses you. x2; You furiously retaliate!
You headbutt the rime drake!
The rime drake bites you but does no damage.
Your surroundings suddenly seem different.
A cyclops, 7 ogres, 2 two-headed ogres and 4 trolls come into view.
Found 79 gold pieces.
Found Kiefet's Weapon Boutique and Beocuong's Book Boutique.
The ice encasing you melts away.
The troll shouts! x2; The ogre shouts!
The two-headed ogre shouts in stereo!
The troll shouts!
The ogre shouts!
The two-headed ogre shouts in stereo!
The ogre shouts!
You hear two shouts!
You hear a shout!
The ogre hits you with a +0 giant club!
You die...

,*,**,,,,,,,,,,,,,,,,,**,**
,,,,*,,*,....#.........,,,* ***
,*,,,,,,,.............*.,,***,**
***,,,,,,#.......$...,..,,,*,,,**
**,**,,...........#.$.,,,**,,,*
***,,,...............,,,,,,,**
**,,...............,,,*,,,**
*,,..........$....,,,,,,,,*
**,*#.....@OO.....,,,*,,,**
**,,...............,,,,,,,**
*,,,.......O.......,,,,,,,,,
*,,,.......TT...∩O.,,,,,,,,,
**,,.......∩..C.OO#,,,*,,,,,
***.....#.T.....##*,*,,,,,,
*,....###.OT..O.#****,*,**
*,$...,*..O.....#* *****
**,,,,,**,,O,,,,,,*


You could see 3 two-headed ogres, a cyclops (wandering), 4 trolls and 6 ogres.

Vanquished Creatures
  An orc sorcerer (Orc:2)
  A hornet (D:9)
  A vampire (D:9)
  A wyvern (D:10)
  3 yaks (D:9)
  A steam dragon (D:7)
  A warg (Orc:1)
  2 water moccasins
  8 orc warriors
  An ice beast (D:6)
  A black bear (D:6)
  An ogre (D:3)
  3 centaurs
  Blork the orc (D:4)
  3 bullfrogs (D:9)
  5 scorpions
  A gnoll sergeant (D:8)
  3 wights (D:8)
  6 killer bees
  5 howler monkeys
  An electric eel (D:9)
  5 orc priests
  4 hounds
  2 jellies (D:5)
  3 iguanas (D:5)
  14 orc wizards
  Ijyb (D:4)
  9 gnolls
  7 adders
  2 ufetubi (D:5)
  2 worms (D:2)
  3 dart slugs
  43 orcs
  6 bats
  11 endoplasms
  A giant cockroach (D:4)
  13 hobgoblins
  2 jackals (D:3)
  7 kobolds
  A quokka (D:4)
  3 ball pythons
  5 frilled lizards
  6 goblins
  6 rats
206 creatures vanquished.

Notes
Turn   | Place    | Note
-------+----------+-------------------------------------------
     0 | D:1      | boblaw the Minotaur Berserker began the quest for the Orb.
     0 | D:1      | Reached XP level 1. HP: 19/19 MP: 0/0
     0 | D:1      | Upgraded the game from 0.31-a0-978-g1e143483b6 to
                  | 0.31-a0-981-geadf994542
   220 | D:1      | Reached XP level 2. HP: 27/27 MP: 1/1
   325 | D:1      | Reached ** piety under Trog
   479 | D:1      | Reached XP level 3. HP: 33/33 MP: 2/2
  1128 | D:2      | Reached XP level 4. HP: 27/40 MP: 3/3
  1523 | D:3      | Noticed an ogre
  1527 | D:3      | Reached skill level 5 in Axes
  1530 | D:3      | Killed an ogre
  1531 | D:3      | Reached XP level 5. HP: 44/47 MP: 4/4
  1802 | D:3      | Found a faded altar of an unknown god.
  1818 | D:3      | Found the +6 shillelagh "Devastator" {shatter}
  2187 | D:4      | Reached *** piety under Trog
  2217 | D:4      | Noticed Blork the orc
  2229 | D:4      | Killed Blork the orc
  2230 | D:4      | Reached skill level 5 in Fighting
  2230 | D:4      | Reached skill level 1 in Maces & Flails
  2230 | D:4      | Reached XP level 6. HP: 14/56 MP: 5/5
  2387 | D:4      | Found a basalt altar of Yredelemnul.
  2408 | D:4      | Reached skill level 2 in Maces & Flails
  2463 | D:4      | Noticed Ijyb
  2468 | D:4      | Killed Ijyb
  2546 | D:4      | Reached XP level 7. HP: 60/61 MP: 6/6
  2696 | D:4      | Reached skill level 3 in Maces & Flails
  2875 | D:4      | Found a sparkling altar of Nemelex Xobeh.
  2875 | D:4      | Found a hazy altar of Hepliaklqana.
  2876 | D:4      | Found a blossoming altar of Fedhas.
  3047 | D:5      | Identified the "Nag Wagg"
  3047 | D:5      | Identified the of Lapeabir
  3047 | D:5      | Identified the "Qoniatue"
  3047 | D:5      | Entered Level 5 of the Dungeon
  3055 | D:5      | Reached skill level 4 in Maces & Flails
  3111 | D:5      | Reached skill level 1 in Stealth
  3113 | D:5      | Reached **** piety under Trog
  3114 | D:5      | Reached skill level 5 in Maces & Flails
  3179 | D:5      | Found Voampene's Magic Scroll Emporium.
  3189 | D:5      | Bought a scroll of enchant weapon for 75 gold pieces
  3189 | D:5      | Bought a scroll of identify for 20 gold pieces
  3189 | D:5      | Bought a scroll of identify for 20 gold pieces
  3189 | D:5      | Bought a scroll of identify for 20 gold pieces
  3192 | D:5      | Upgraded the game from 0.31-a0-981-geadf994542 to
                  | 0.31-a0-983-g7b6862f502
  3231 | D:5      | Found a shimmering blue altar of Sif Muna.
  3274 | D:5      | Found a staircase to the Ecumenical Temple.
  3307 | D:5      | Reached XP level 8. HP: 70/70 MP: 7/7
  3331 | D:5      | Reached skill level 6 in Maces & Flails
  3414 | D:5      | Found a large runed translucent door.
  3415 | D:5      | Found a large runed translucent door.
  3432 | D:5      | Noticed Maxmaps's ghost (novice OpSh)
  3620 | D:6      | Found a radiant altar of Vehumet.
  3698 | D:6      | Reached skill level 7 in Maces & Flails
  3987 | D:6      | Reached skill level 5 in Dodging
  4126 | D:7      | Found an ornate altar of the Wu Jian Council.
  4172 | D:7      | Reached skill level 8 in Maces & Flails
  4172 | D:7      | Reached skill level 5 in Armour
  4282 | D:7      | Found Lunul's Antique Weapon Emporium.
  4322 | D:7      | Found a sacrificial altar of Ru.
  4322 | D:7      | Found a bloodstained altar of Trog.
  4561 | D:7      | Found a glowing golden altar of the Shining One.
  4590 | D:7      | Reached skill level 9 in Maces & Flails
  4590 | D:7      | Reached XP level 9. HP: 60/79 MP: 8/8
  4804 | D:8      | Noticed a death yak
  5247 | D:8      | Reached skill level 10 in Maces & Flails
  5296 | D:9      | Found a snail-covered altar of Cheibriados.
  5473 | D:9      | Paralysed by a hornet for 1 turns
  5607 | D:9      | Reached skill level 11 in Maces & Flails
  5607 | D:9      | Found a broken altar of Ashenzari.
  5763 | D:9      | Found a runed translucent door.
  5765 | D:9      | Found a shimmering altar of Xom.
  5765 | D:9      | Noticed ytrimaz's ghost (novice OpSh)
  5765 | D:9      | Found the +3 pair of gauntlets of War {Slay+5}
  5765 | D:9      | Noticed a +0 war axe of chaos
  5838 | D:9      | Found an opulent altar of Gozag.
  5838 | D:9      | Found a glowing silver altar of Zin.
  5863 | D:9      | Reached ***** piety under Trog
  5989 | D:9      | Reached skill level 12 in Maces & Flails
  6057 | D:9      | Reached XP level 10. HP: 88/88 MP: 9/9
  6322 | D:10     | Entered Level 10 of the Dungeon
  6863 | D:10     | Found a staircase to the Orcish Mines.
  6867 | D:11     | Identified the "Qerhuako"
  6867 | D:15     | Identified the "Foreong"
  6867 | Orc:1    | Entered Level 1 of the Orcish Mines
  7209 | IceCv    | Identified the "Bosafruc"
  7209 | IceCv    | Identified the "Coippo Xoneq"
  7209 | Orc:2    | Entered Level 2 of the Orcish Mines
  7253 | Orc:2    | Noticed an orc sorcerer
  7258 | Orc:2    | Killed an orc sorcerer
  7260 | Orc:2    | Found a staircase to the Elven Halls.
  7271 | Orc:2    | Reached skill level 13 in Maces & Flails
  7293 | Orc:2    | Found a frozen archway.
  7300 | Orc:2    | Found Kiefet's Weapon Boutique.
  7300 | Orc:2    | Found Beocuong's Book Boutique.
  7300 | Orc:2    | Noticed a cyclops
  7300 | Orc:2    | Noticed a two-headed ogre
  7300 | Orc:2    | Noticed a two-headed ogre
  7300 | Orc:2    | Slain by an ogre

Illustrated notes

Levels and vault maps discovered:
D:1:      elethiomel_arrival_quiet, layout_loops_ring, minmay_hexomino_p4
D:2:      layout_rooms
D:3:      layout_basic, ebering_ecumenical_altar_mist
D:4:      layout_basic, yredelemnul_altar_generic,
          gammafunk_temple_overflow_claw, kennysheep_nondescript,
          uniq_blork_the_orc, uniq_ijyb
D:5:      layout_cave_pools, nicolae_sif_muna_little_library,
          minmay_temple_entry_glass, serial_shops, shop,
          ebering_ghost_disaster_area
D:6:      layout_rooms, mainiacjoe_overflow_tiny_flanked
D:7:      layout_basic, mainiacjoe_overflow_chevrons, overflow_temple_1_default,
          amethyst_overflow_temple_binary, serial_shops, shop,
          lemuel_flamethrower_1
D:8:      layout_loops_ring, okawaru_metal_pillars_1_2,
          nicolae_uskayaw_dance_studio, dpeg_lair_monsters
D:9:      layout_basic, grunt_temple_overflow_gold_and_silver,
          mainiacjoe_overflow_brackets, amcnicky_altar_gilded,
          ebering_ghost_xom, minmay_misc_feat_chi, minivault_14,
          nzn_life_drinkers
D:10:     layout_layer_cave, orc_0_dummy
Orc:1:    layout_diamond_mine, serial_shops, nicolae_shop_pleasant_corner_grove,
          basic_altar
Orc:2:    st_orc_open, layout_caves, portal_ice_cave_rime

Skill      XL: |  1  2  3  4  5  6  7  8  9 10 |
---------------+-------------------------------+-----
Axes           | 4 5 6 |  6.2
Fighting       | 4 5 6 7 8 |  8.7
Dodging        | 3 4 5 6 |  6.2
Armour         | 3 4 5 |  5.5
Maces & Flails | 1 2 5 9 12 13 | 13.1
Stealth        | 1 2 |  2.3

Action                     |  1- 3 |  4- 6 |  7- 9 | 10-12 || total
---------------------------+-------+-------+-------+-------++-------
  Melee: Hand axe          |    46 |       |       |       ||    46
         Headbutt          |    11 |     4 |    15 |     4 ||    34
         War axe           |    40 |    40 |       |       ||    80
         Punch             |       |     1 |     2 |       ||     3
         Shillelagh        |       |    33 |   132 |    53 ||   218
 Invoke: Berserk           |       |     3 |     4 |     1 ||     8
    Use: Scroll            |       |       |    12 |     2 ||    14
 Armour: Leather armour    |    46 |    53 |    87 |    32 ||   218
  Dodge: Dodged            |    36 |    42 |    69 |    21 ||   168

Table legend: (Time is in decaauts)
 A = Elapsed time spent in this place.
 B = Non-inter-level travel time spent in this place.
 C = Inter-level travel time spent in this place.
 D = Time resting spent in this place.
 E = Time spent auto-exploring this place.
 F = Levels seen in this place.
 G = Mean time per level.
                   A        B        C        D        E       F      G
               +--------+--------+--------+--------+--------+-----+--------+
         Total |   7368 |   6752 |    616 |      0 |   5498 |  12 |  614.0 |
       Dungeon |   6941 |   6384 |    557 |      0 |   5269 |  10 |  694.1 |
  Orcish Mines |    427 |    368 |     59 |      0 |    229 |   2 |  213.5 |
               +--------+--------+--------+--------+--------+-----+--------+

Top non-repeatable levels by time:
     D:9: 1086 daAuts
     D:1: 994 daAuts
     D:4: 903 daAuts
     D:7: 752 daAuts
     D:3: 693 daAuts
     D:2: 530 daAuts
     D:6: 529 daAuts
     D:5: 529 daAuts
    D:10: 478 daAuts
     D:8: 444 daAuts
   Orc:1: 331 daAuts
   Orc:2: 95 daAuts
